[ AOE2 MATCH · #468578770 ]
UnrankedShu vs Goths
[ REPLAY ANALYSIS · EXTRACTED FROM THE RECORDED GAME ]
Feudal
10:57
Castle
15:21
Imperial
31:13
| APM avg | 26.1 |
| APM peak | 63 |
| eAPM avg | 19.5 |
| Villagers / military | 196 / 236 |
Focus
⚔️ 47.1% · 🌾 52.9%
Spearman ×236 · Unknown (1959) ×76 · Unknown (1962) ×57 · Unknown (1942) ×9
Feudal
10:52
Castle
15:44
Imperial
34:41
| APM avg | 11.2 |
| APM peak | 27 |
| eAPM avg | 8.6 |
| Villagers / military | 83 / 133 |
Focus
⚔️ 34.8% · 🌾 65.2%
Huskarl ×66 · Knight ×61 · Trebuchet (Packed) ×6
Feudal
9:44
Castle
16:03
Imperial
36:55
| APM avg | 50.0 |
| APM peak | 84 |
| eAPM avg | 25.3 |
| Villagers / military | 151 / 188 |
Focus
⚔️ 20.7% · 🌾 79.3%
Hand Cannoneer ×149 · Scout Cavalry ×12 · Bombard Cannon ×9 · Mangonel ×8 · Cavalry Archer ×6 · Trade Cart ×3
Feudal
11:48
Castle
20:07
Imperial
32:36
| APM avg | 19.1 |
| APM peak | 57 |
| eAPM avg | 11.8 |
| Villagers / military | 145 / 579 |
Focus
⚔️ 46.4% · 🌾 53.6%
Militia ×573 · Trebuchet (Packed) ×6
Feudal
11:41
Castle
21:40
Imperial
35:03
| APM avg | 40.0 |
| APM peak | 121 |
| eAPM avg | 26.3 |
| Villagers / military | 136 / 324 |
Focus
⚔️ 39.7% · 🌾 60.3%
Scout Cavalry ×161 · Knight ×93 · Spearman ×50 · Archer ×6 · Battering Ram ×5 · Petard ×4
Feudal
11:48
Castle
15:43
Imperial
28:26
| APM avg | 61.4 |
| APM peak | 120 |
| eAPM avg | 31.1 |
| Villagers / military | 164 / 397 |
Focus
⚔️ 42.2% · 🌾 57.8%
Scout Cavalry ×140 · Cavalry Archer ×110 · Knight ×94 · Archer ×35 · Battering Ram ×9 · Trebuchet (Packed) ×6
Match map
Initial resources + every placement click. Lines = walls · curves = elevation contours. ◆ gold · ⬟ stone · ● berries · ✦ relic · ◌ wall gap
Your base· Open — unwalled flank
dsoliver Lmanq's base· Open — unwalled flank
ThisIsKronos's base· Open — unwalled flank
Cheo's base· Open — unwalled flank
WereMonster's base· Open — unwalled flank
HEOI's base· Open — unwalled flank
Smoothed initial terrain · ◌ = detected wall gap · hover for details
Inputs per minute
— Tsla - - dsoliver Lmanq
Build order — Tsla
First 150 of 821 actions detected
| 0:01 | Create | Villager (Male) |
| 0:03 | Build | House |
| 0:05 | Build | House |
| 0:55 | Create | Villager (Male) |
| 0:56 | Create | Villager (Male) |
| 0:56 | Create | Villager (Male) |
| 0:56 | Create | Villager (Male) |
| 1:40 | Create | Villager (Male) |
| 1:41 | Create | Villager (Male) |
| 2:20 | Build | Lumber Camp |
| 2:29 | Create | Villager (Male) |
| 2:40 | Create | Villager (Male) |
| 3:04 | Create | Villager (Male) |
| 3:04 | Create | Villager (Male) |
| 3:32 | Build | House |
| 3:37 | Create | Villager (Male) |
| 3:38 | Create | Villager (Male) |
| 4:20 | Create | Villager (Male) |
| 4:21 | Create | Villager (Male) |
| 4:21 | Create | Villager (Male) |
| 4:21 | Create | Villager (Male) |
| 5:02 | Create | Villager (Male) |
| 5:02 | Create | Villager (Male) |
| 5:02 | Create | Villager (Male) |
| 5:32 | Create | Villager (Male) |
| 5:32 | Create | Villager (Male) |
| 6:09 | Create | Villager (Male) |
| 6:14 | Build | House |
| 6:19 | Build | Mill |
| 6:52 | Create | Villager (Male) |
| 7:43 | Build | Mill |
| 7:45 | Create | Villager (Male) |
| 7:52 | Create | Villager (Male) |
| 8:36 | Build | Mining Camp |
| 8:41 | Create | Villager (Male) |
| 8:42 | Create | Villager (Male) |
| 8:42 | Create | Villager (Male) |
| 8:42 | Create | Villager (Male) |
| 8:47 | Research | Feudal Age |
| 8:48 | Research | Feudal Age |
| 9:30 | Build | House |
| 10:21 | Create | Villager (Male) |
| 10:21 | Create | Villager (Male) |
| 10:57 | Age | Feudal Age |
| 11:12 | Build | Market |
| 11:43 | Create | Villager (Male) |
| 11:59 | Build | Blacksmith |
| 12:41 | Research | Castle Age |
| 12:41 | Research | Castle Age |
| 13:05 | Build | Mining Camp |
| 14:02 | Research | Double-Bit Axe |
| 14:41 | Research | Gold Mining |
| 15:16 | Create | Villager (Male) |
| 15:16 | Create | Villager (Male) |
| 15:16 | Create | Villager (Male) |
| 15:21 | Age | Castle Age |
| 15:35 | Build | Town Center |
| 15:56 | Create | Villager (Male) |
| 15:56 | Create | Villager (Male) |
| 16:08 | Create | Villager (Male) |
| 16:09 | Create | Villager (Male) |
| 16:09 | Create | Villager (Male) |
| 16:14 | Build | Farm |
| 16:16 | Build | Farm |
| 16:18 | Build | Farm |
| 16:27 | Build | Farm |
| 16:36 | Build | Farm |
| 16:55 | Build | House |
| 17:16 | Create | Villager (Male) |
| 17:16 | Create | Villager (Male) |
| 17:23 | Build | Farm |
| 17:34 | Build | Farm |
| 17:39 | Build | Farm |
| 17:44 | Build | House |
| 17:49 | Create | Villager (Male) |
| 17:49 | Create | Villager (Male) |
| 17:57 | Create | Villager (Male) |
| 17:58 | Create | Villager (Male) |
| 17:58 | Create | Villager (Male) |
| 18:01 | Build | Farm |
| 18:32 | Create | Villager (Male) |
| 18:32 | Create | Villager (Male) |
| 18:33 | Create | Villager (Male) |
| 18:41 | Build | Castle |
| 18:51 | Build | Barracks |
| 19:02 | Create | Villager (Male) |
| 19:02 | Create | Villager (Male) |
| 19:02 | Create | Villager (Male) |
| 19:08 | Build | Farm |
| 19:13 | Build | Farm |
| 19:15 | Build | Farm |
| 19:23 | Create | Spearman |
| 19:23 | Create | Spearman |
| 19:32 | Build | House |
| 19:39 | Build | House |
| 19:41 | Create | Villager (Male) |
| 19:42 | Create | Villager (Male) |
| 19:42 | Create | Villager (Male) |
| 19:42 | Create | Villager (Male) |
| 19:47 | Create | Villager (Male) |
| 19:48 | Create | Villager (Male) |
| 19:48 | Create | Villager (Male) |
| 20:17 | Build | Castle |
| 20:22 | Create | Spearman |
| 20:25 | Create | Villager (Male) |
| 20:26 | Create | Villager (Male) |
| 20:26 | Create | Villager (Male) |
| 20:45 | Build | Farm |
| 20:46 | Build | Farm |
| 20:47 | Build | Farm |
| 20:49 | Build | Farm |
| 20:50 | Build | Farm |
| 20:55 | Create | Villager (Male) |
| 20:55 | Create | Villager (Male) |
| 20:55 | Create | Villager (Male) |
| 20:55 | Create | Villager (Male) |
| 21:10 | Build | House |
| 21:12 | Build | House |
| 21:43 | Build | Town Center |
| 21:51 | Create | Villager (Male) |
| 21:52 | Create | Villager (Male) |
| 21:52 | Create | Villager (Male) |
| 21:52 | Create | Villager (Male) |
| 21:53 | Create | Villager (Male) |
| 21:53 | Create | Villager (Male) |
| 21:56 | Research | Loom |
| 22:23 | Build | House |
| 22:25 | Create | Unit 1959 |
| 22:25 | Create | Unit 1959 |
| 22:26 | Create | Unit 1959 |
| 22:47 | Build | Farm |
| 22:49 | Build | Farm |
| 22:50 | Build | Farm |
| 22:51 | Build | Farm |
| 22:53 | Build | Farm |
| 22:55 | Build | Farm |
| 22:59 | Research | Horse Collar |
| 23:02 | Research | Bow Saw |
| 23:12 | Build | House |
| 23:18 | Build | Lumber Camp |
| 23:43 | Research | Scale Mail Armor |
| 23:56 | Create | Villager (Male) |
| 23:56 | Create | Villager (Male) |
| 23:56 | Create | Villager (Male) |
| 23:57 | Create | Villager (Male) |
| 23:57 | Create | Villager (Male) |
| 23:57 | Create | Villager (Male) |
| 24:06 | Build | Farm |
| 24:07 | Build | Farm |
| 24:08 | Build | Farm |
Build order — dsoliver Lmanq
First 150 of 298 actions detected
| 0:03 | Build | House |
| 0:05 | Build | House |
| 0:06 | Create | Villager (Male) |
| 0:06 | Create | Villager (Male) |
| 0:06 | Create | Villager (Male) |
| 0:07 | Create | Villager (Male) |
| 0:07 | Create | Villager (Male) |
| 1:33 | Create | Villager (Male) |
| 1:33 | Create | Villager (Male) |
| 1:54 | Build | Lumber Camp |
| 2:06 | Create | Villager (Male) |
| 2:06 | Create | Villager (Male) |
| 2:06 | Create | Villager (Male) |
| 2:22 | Create | Villager (Male) |
| 2:22 | Create | Villager (Male) |
| 2:59 | Create | Villager (Male) |
| 3:00 | Create | Villager (Male) |
| 3:00 | Create | Villager (Male) |
| 3:09 | Create | Villager (Male) |
| 3:09 | Create | Villager (Male) |
| 3:35 | Build | House |
| 3:45 | Create | Villager (Male) |
| 3:45 | Create | Villager (Male) |
| 4:02 | Build | Mill |
| 4:03 | Create | Villager (Male) |
| 4:03 | Create | Villager (Male) |
| 4:04 | Create | Villager (Male) |
| 4:36 | Create | Villager (Male) |
| 4:37 | Create | Villager (Male) |
| 5:06 | Create | Villager (Male) |
| 5:07 | Create | Villager (Male) |
| 5:13 | Build | House |
| 5:17 | Create | Villager (Male) |
| 5:17 | Create | Villager (Male) |
| 5:17 | Create | Villager (Male) |
| 5:36 | Create | Villager (Male) |
| 5:37 | Create | Villager (Male) |
| 5:37 | Create | Villager (Male) |
| 5:52 | Create | Villager (Male) |
| 5:53 | Create | Villager (Male) |
| 6:33 | Create | Villager (Male) |
| 6:34 | Create | Villager (Male) |
| 6:34 | Create | Villager (Male) |
| 6:56 | Build | House |
| 7:05 | Build | Lumber Camp |
| 7:20 | Create | Villager (Male) |
| 7:44 | Build | Mining Camp |
| 8:03 | Create | Villager (Male) |
| 8:42 | Research | Feudal Age |
| 8:42 | Research | Feudal Age |
| 9:59 | Build | Mill |
| 10:12 | Create | Villager (Male) |
| 10:12 | Create | Villager (Male) |
| 10:47 | Build | Mining Camp |
| 10:52 | Age | Feudal Age |
| 10:56 | Build | Market |
| 11:16 | Build | Blacksmith |
| 11:44 | Create | Villager (Male) |
| 11:49 | Build | Farm |
| 12:13 | Create | Villager (Male) |
| 12:17 | Build | Farm |
| 12:40 | Build | Farm |
| 13:04 | Research | Castle Age |
| 13:38 | Build | Barracks |
| 13:46 | Research | Loom |
| 14:10 | Build | House |
| 14:42 | Research | Forging |
| 14:56 | Research | Scale Mail Armor |
| 15:30 | Build | Farm |
| 15:31 | Build | Farm |
| 15:31 | Build | Farm |
| 15:31 | Build | Farm |
| 15:31 | Build | Farm |
| 15:32 | Build | Farm |
| 15:44 | Age | Castle Age |
| 15:52 | Build | Castle |
| 16:03 | Create | Villager (Male) |
| 16:13 | Build | Farm |
| 16:48 | Build | Mill |
| 17:03 | Build | Farm |
| 17:05 | Create | Villager (Male) |
| 17:15 | Create | Huskarl |
| 17:16 | Create | Huskarl |
| 17:16 | Create | Huskarl |
| 17:38 | Build | Farm |
| 17:41 | Create | Huskarl |
| 17:41 | Create | Huskarl |
| 17:41 | Create | Huskarl |
| 18:05 | Research | Squires |
| 18:07 | Create | Villager (Male) |
| 18:15 | Build | Farm |
| 18:15 | Build | Farm |
| 18:20 | Create | Huskarl |
| 18:20 | Create | Huskarl |
| 18:49 | Create | Huskarl |
| 18:49 | Create | Huskarl |
| 18:50 | Create | Huskarl |
| 18:53 | Create | Huskarl |
| 18:53 | Create | Huskarl |
| 19:07 | Create | Huskarl |
| 19:08 | Create | Huskarl |
| 19:23 | Build | Farm |
| 19:31 | Create | Huskarl |
| 19:31 | Create | Huskarl |
| 19:32 | Create | Huskarl |
| 19:51 | Create | Huskarl |
| 19:51 | Create | Huskarl |
| 19:51 | Create | Huskarl |
| 19:52 | Create | Huskarl |
| 20:38 | Create | Huskarl |
| 20:39 | Create | Huskarl |
| 20:39 | Create | Huskarl |
| 20:39 | Create | Huskarl |
| 20:40 | Create | Huskarl |
| 20:45 | Create | Villager (Male) |
| 21:15 | Create | Huskarl |
| 21:15 | Create | Huskarl |
| 21:15 | Create | Huskarl |
| 21:15 | Create | Huskarl |
| 22:02 | Build | Farm |
| 22:08 | Research | Chain Mail Armor |
| 22:48 | Create | Huskarl |
| 22:49 | Create | Huskarl |
| 23:05 | Create | Villager (Male) |
| 23:36 | Create | Huskarl |
| 23:36 | Create | Huskarl |
| 24:04 | Build | Lumber Camp |
| 24:09 | Create | Huskarl |
| 24:09 | Create | Huskarl |
| 24:14 | Build | Farm |
| 24:15 | Create | Villager (Male) |
| 24:17 | Create | Villager (Male) |
| 24:18 | Create | Villager (Male) |
| 24:40 | Create | Huskarl |
| 24:40 | Create | Huskarl |
| 24:40 | Create | Huskarl |
| 24:41 | Create | Huskarl |
| 24:41 | Create | Huskarl |
| 24:41 | Create | Huskarl |
| 25:04 | Create | Villager (Male) |
| 26:08 | Build | Town Center |
| 26:09 | Create | Villager (Male) |
| 26:09 | Create | Villager (Male) |
| 26:20 | Research | Double-Bit Axe |
| 26:27 | Research | Horse Collar |
| 26:36 | Create | Villager (Male) |
| 26:59 | Research | Bow Saw |
| 27:02 | Create | Villager (Male) |
| 27:30 | Build | Farm |
| 27:33 | Research | Heavy Plow |
Build order — ThisIsKronos
First 150 of 434 actions detected
| 0:02 | Build | House |
| 0:03 | Build | House |
| 0:04 | Create | Villager (Male) |
| 0:04 | Create | Villager (Male) |
| 0:04 | Create | Villager (Male) |
| 0:23 | Create | Villager (Male) |
| 1:29 | Create | Villager (Male) |
| 2:03 | Create | Villager (Male) |
| 2:27 | Create | Villager (Male) |
| 2:36 | Build | Lumber Camp |
| 2:41 | Create | Villager (Male) |
| 2:54 | Create | Villager (Male) |
| 3:15 | Build | House |
| 3:29 | Create | Villager (Male) |
| 3:39 | Create | Villager (Male) |
| 4:05 | Create | Villager (Male) |
| 5:03 | Create | Villager (Male) |
| 5:10 | Create | Villager (Male) |
| 5:16 | Create | Villager (Male) |
| 5:31 | Build | Mill |
| 5:33 | Create | Villager (Male) |
| 6:02 | Create | Villager (Male) |
| 6:09 | Build | House |
| 6:39 | Create | Villager (Male) |
| 6:45 | Create | Villager (Male) |
| 7:29 | Research | Feudal Age |
| 7:37 | Build | Mining Camp |
| 7:41 | Build | Mining Camp |
| 8:02 | Build | Lumber Camp |
| 8:17 | Create | Villager (Male) |
| 8:37 | Build | House |
| 8:57 | Create | Villager (Male) |
| 9:12 | Build | Farm |
| 9:44 | Age | Feudal Age |
| 9:47 | Create | Villager (Male) |
| 9:52 | Build | Blacksmith |
| 10:11 | Build | Farm |
| 10:39 | Create | Villager (Male) |
| 11:06 | Build | Farm |
| 11:07 | Create | Villager (Male) |
| 11:34 | Build | Farm |
| 11:39 | Create | Villager (Male) |
| 11:47 | Build | Market |
| 12:09 | Build | Farm |
| 12:13 | Create | Villager (Male) |
| 12:19 | Create | Villager (Male) |
| 12:41 | Build | Farm |
| 13:23 | Research | Castle Age |
| 13:36 | Create | Villager (Male) |
| 13:46 | Build | Farm |
| 13:48 | Build | Farm |
| 13:51 | Build | Farm |
| 13:54 | Build | Farm |
| 14:09 | Build | House |
| 14:52 | Create | Villager (Male) |
| 14:55 | Build | Farm |
| 15:01 | Build | Farm |
| 15:16 | Build | House |
| 16:03 | Age | Castle Age |
| 16:08 | Build | Siege Workshop |
| 16:13 | Create | Villager (Male) |
| 16:21 | Research | Double-Bit Axe |
| 16:28 | Build | House |
| 16:31 | Build | Barracks |
| 16:34 | Create | Villager (Male) |
| 16:36 | Create | Mangonel |
| 16:54 | Create | Villager (Male) |
| 16:57 | Research | Bow Saw |
| 17:01 | Build | House |
| 17:05 | Build | House |
| 17:07 | Build | House |
| 17:16 | Create | Villager (Male) |
| 17:27 | Create | Villager (Male) |
| 17:31 | Create | Villager (Male) |
| 18:12 | Build | Town Center |
| 18:16 | Create | Villager (Male) |
| 18:16 | Create | Villager (Male) |
| 18:37 | Create | Mangonel |
| 19:00 | Build | Palisade Wall |
| 19:11 | Build | House |
| 19:14 | Build | Palisade Wall |
| 19:16 | Build | House |
| 19:39 | Create | Villager (Male) |
| 19:40 | Create | Villager (Male) |
| 20:03 | Build | Stone Wall |
| 20:20 | Create | Villager (Male) |
| 20:20 | Create | Villager (Male) |
| 20:25 | Create | Mangonel |
| 20:32 | Create | Villager (Male) |
| 20:56 | Build | Farm |
| 21:12 | Create | Mangonel |
| 21:37 | Create | Villager (Male) |
| 21:41 | Build | Farm |
| 21:42 | Build | Farm |
| 21:42 | Build | Farm |
| 21:42 | Build | Farm |
| 21:43 | Build | Farm |
| 21:49 | Build | Farm |
| 22:02 | Build | Building 673 |
| 22:10 | Create | Mangonel |
| 22:44 | Create | Scorpion |
| 22:51 | Create | Villager (Male) |
| 22:52 | Create | Villager (Male) |
| 22:54 | Create | Villager (Male) |
| 23:49 | Create | Mangonel |
| 23:50 | Create | Villager (Male) |
| 23:51 | Create | Villager (Male) |
| 23:57 | Create | Villager (Male) |
| 23:57 | Create | Villager (Male) |
| 24:13 | Build | Building 487 |
| 24:24 | Build | Building 490 |
| 24:33 | Build | Stone Wall |
| 24:47 | Create | Villager (Male) |
| 24:47 | Create | Villager (Male) |
| 24:48 | Create | Villager (Male) |
| 25:04 | Create | Villager (Male) |
| 25:08 | Create | Mangonel |
| 25:21 | Build | House |
| 25:22 | Create | Villager (Male) |
| 25:36 | Build | Farm |
| 25:54 | Create | Villager (Male) |
| 26:02 | Create | Villager (Male) |
| 26:19 | Build | Market |
| 26:21 | Build | House |
| 26:24 | Create | Villager (Male) |
| 26:28 | Build | Farm |
| 26:36 | Create | Villager (Male) |
| 26:46 | Create | Villager (Male) |
| 27:00 | Build | Mining Camp |
| 27:05 | Create | Villager (Male) |
| 27:10 | Build | Farm |
| 27:12 | Build | Farm |
| 27:30 | Build | Farm |
| 27:31 | Create | Villager (Male) |
| 27:37 | Build | Farm |
| 27:44 | Create | Villager (Male) |
| 27:55 | Research | Horse Collar |
| 27:57 | Build | Farm |
| 28:04 | Create | Villager (Male) |
| 28:07 | Create | Villager (Male) |
| 28:07 | Create | Villager (Male) |
| 28:10 | Create | Villager (Male) |
| 28:37 | Build | Town Center |
| 28:40 | Create | Villager (Male) |
| 28:41 | Create | Villager (Male) |
| 28:47 | Create | Villager (Male) |
| 28:53 | Research | Heavy Plow |
| 29:00 | Build | Farm |
| 29:01 | Create | Villager (Male) |
| 29:10 | Create | Mangonel |
Build order — Cheo
First 150 of 484 actions detected
| 0:03 | Create | Villager (Male) |
| 0:07 | Build | House |
| 0:17 | Create | Villager (Male) |
| 0:17 | Create | Villager (Male) |
| 0:17 | Create | Villager (Male) |
| 1:19 | Create | Villager (Male) |
| 1:20 | Create | Villager (Male) |
| 1:49 | Build | House |
| 1:51 | Build | House |
| 1:51 | Build | House |
| 1:55 | Build | House |
| 1:56 | Build | House |
| 2:00 | Create | Villager (Male) |
| 2:00 | Create | Villager (Male) |
| 2:27 | Create | Villager (Male) |
| 2:27 | Create | Villager (Male) |
| 2:54 | Create | Villager (Male) |
| 3:04 | Create | Villager (Male) |
| 3:39 | Create | Villager (Male) |
| 3:39 | Create | Villager (Male) |
| 4:09 | Build | Lumber Camp |
| 4:10 | Create | Villager (Male) |
| 4:25 | Create | Villager (Male) |
| 4:58 | Create | Villager (Male) |
| 4:58 | Create | Villager (Male) |
| 5:11 | Create | Villager (Male) |
| 5:11 | Create | Villager (Male) |
| 5:22 | Create | Villager (Male) |
| 5:22 | Create | Villager (Male) |
| 6:01 | Build | Mill |
| 6:03 | Create | Villager (Male) |
| 6:31 | Create | Villager (Male) |
| 6:31 | Create | Villager (Male) |
| 7:05 | Create | Villager (Male) |
| 7:16 | Create | Villager (Male) |
| 8:01 | Build | Mill |
| 8:09 | Build | Mining Camp |
| 8:35 | Build | Mining Camp |
| 8:48 | Create | Villager (Male) |
| 8:59 | Create | Villager (Male) |
| 9:35 | Research | Feudal Age |
| 9:35 | Research | Feudal Age |
| 10:05 | Research | Loom |
| 11:33 | Create | Villager (Male) |
| 11:39 | Build | Lumber Camp |
| 11:48 | Age | Feudal Age |
| 11:53 | Research | Double-Bit Axe |
| 11:55 | Research | Gold Mining |
| 11:55 | Research | Stone Mining |
| 11:57 | Research | Horse Collar |
| 12:06 | Research | Town Watch |
| 12:15 | Create | Villager (Male) |
| 12:26 | Create | Villager (Male) |
| 12:41 | Build | Farm |
| 12:51 | Build | Market |
| 13:04 | Create | Villager (Male) |
| 13:28 | Build | Farm |
| 13:31 | Build | Farm |
| 13:51 | Build | Blacksmith |
| 13:58 | Build | Farm |
| 14:04 | Create | Villager (Male) |
| 14:05 | Create | Villager (Male) |
| 14:13 | Build | Farm |
| 14:13 | Build | Farm |
| 14:13 | Build | Farm |
| 14:14 | Build | Farm |
| 14:14 | Build | Farm |
| 14:15 | Build | Farm |
| 14:15 | Build | Farm |
| 14:17 | Build | Farm |
| 14:17 | Build | Farm |
| 14:17 | Build | Farm |
| 14:18 | Build | Farm |
| 14:18 | Build | Farm |
| 14:19 | Build | Farm |
| 14:19 | Build | Farm |
| 14:20 | Build | Farm |
| 14:27 | Create | Villager (Male) |
| 14:38 | Build | Farm |
| 14:44 | Build | House |
| 14:47 | Build | Farm |
| 14:51 | Build | Farm |
| 15:06 | Build | Farm |
| 15:13 | Create | Villager (Male) |
| 15:15 | Build | Farm |
| 15:24 | Build | Farm |
| 15:33 | Build | Farm |
| 15:41 | Build | Farm |
| 15:44 | Create | Villager (Male) |
| 15:50 | Build | Farm |
| 16:03 | Build | Farm |
| 16:22 | Create | Villager (Male) |
| 16:27 | Build | Farm |
| 16:48 | Create | Villager (Male) |
| 16:53 | Build | Farm |
| 17:27 | Research | Castle Age |
| 17:27 | Research | Castle Age |
| 18:54 | Create | Villager (Male) |
| 18:54 | Create | Villager (Male) |
| 18:54 | Create | Villager (Male) |
| 20:07 | Age | Castle Age |
| 20:09 | Build | Town Center |
| 20:11 | Research | Heavy Plow |
| 20:12 | Research | Bow Saw |
| 20:22 | Build | Town Center |
| 20:29 | Build | Town Center |
| 20:38 | Build | Farm |
| 20:55 | Research | Gold Shaft Mining |
| 20:56 | Create | Villager (Male) |
| 20:57 | Create | Villager (Male) |
| 20:57 | Create | Villager (Male) |
| 21:01 | Create | Villager (Male) |
| 21:01 | Create | Villager (Male) |
| 21:01 | Create | Villager (Male) |
| 21:07 | Build | Town Center |
| 21:17 | Create | Villager (Male) |
| 21:18 | Create | Villager (Male) |
| 21:18 | Create | Villager (Male) |
| 21:19 | Create | Villager (Male) |
| 21:34 | Create | Villager (Male) |
| 21:34 | Create | Villager (Male) |
| 21:35 | Create | Villager (Male) |
| 21:41 | Build | Farm |
| 21:58 | Create | Villager (Male) |
| 21:58 | Create | Villager (Male) |
| 21:59 | Create | Villager (Male) |
| 21:59 | Create | Villager (Male) |
| 21:59 | Create | Villager (Male) |
| 21:59 | Create | Villager (Male) |
| 22:00 | Create | Villager (Male) |
| 22:03 | Build | Farm |
| 22:04 | Create | Villager (Male) |
| 22:09 | Create | Villager (Male) |
| 22:09 | Create | Villager (Male) |
| 22:11 | Build | Farm |
| 22:12 | Create | Villager (Male) |
| 22:28 | Build | Farm |
| 22:37 | Create | Villager (Male) |
| 22:37 | Create | Villager (Male) |
| 22:41 | Create | Villager (Male) |
| 22:42 | Create | Villager (Male) |
| 22:45 | Build | Farm |
| 22:46 | Create | Villager (Male) |
| 22:49 | Build | Farm |
| 22:49 | Create | Villager (Male) |
| 22:50 | Create | Villager (Male) |
| 22:50 | Create | Villager (Male) |
| 23:02 | Build | House |
| 23:03 | Build | House |
| 23:05 | Build | House |
Build order — WereMonster
First 150 of 671 actions detected
| 0:02 | Create | Villager (Male) |
| 0:03 | Create | Villager (Male) |
| 0:03 | Create | Villager (Male) |
| 0:04 | Build | House |
| 0:06 | Build | House |
| 0:16 | Create | Villager (Male) |
| 0:17 | Create | Villager (Male) |
| 0:17 | Create | Villager (Male) |
| 1:30 | Create | Villager (Male) |
| 1:30 | Create | Villager (Male) |
| 1:51 | Build | House |
| 2:12 | Build | Mill |
| 2:13 | Create | Villager (Male) |
| 2:52 | Create | Villager (Male) |
| 3:53 | Create | Villager (Male) |
| 3:53 | Create | Villager (Male) |
| 4:12 | Create | Villager (Male) |
| 5:20 | Create | Villager (Male) |
| 5:20 | Create | Villager (Male) |
| 5:21 | Create | Villager (Male) |
| 5:21 | Create | Villager (Male) |
| 5:21 | Create | Villager (Male) |
| 5:42 | Build | Lumber Camp |
| 5:44 | Create | Villager (Male) |
| 5:53 | Build | House |
| 6:21 | Create | Villager (Male) |
| 7:09 | Build | Mill |
| 7:32 | Create | Villager (Male) |
| 8:16 | Create | Villager (Male) |
| 8:28 | Build | Mining Camp |
| 9:06 | Create | Villager (Male) |
| 9:07 | Research | Loom |
| 9:10 | Research | Feudal Age |
| 9:13 | Build | Mining Camp |
| 9:50 | Create | Villager (Male) |
| 10:12 | Build | Lumber Camp |
| 10:20 | Build | House |
| 10:22 | Build | House |
| 11:21 | Build | House |
| 11:24 | Build | House |
| 11:41 | Age | Feudal Age |
| 11:43 | Create | Villager (Male) |
| 12:09 | Build | Barracks |
| 12:14 | Create | Villager (Male) |
| 12:36 | Create | Villager (Male) |
| 12:38 | Research | Double-Bit Axe |
| 12:50 | Research | Horse Collar |
| 13:15 | Build | Archery Range |
| 13:20 | Create | Spearman |
| 13:24 | Create | Villager (Male) |
| 13:43 | Build | Blacksmith |
| 13:50 | Create | Villager (Male) |
| 13:53 | Build | Farm |
| 14:13 | Create | Villager (Male) |
| 14:17 | Build | Farm |
| 14:27 | Create | Archer |
| 14:28 | Create | Archer |
| 14:32 | Create | Archer |
| 14:42 | Create | Villager (Male) |
| 14:44 | Build | Farm |
| 14:44 | Create | Villager (Male) |
| 14:57 | Build | Farm |
| 14:58 | Build | Farm |
| 15:00 | Build | Farm |
| 15:08 | Create | Villager (Male) |
| 15:12 | Build | Farm |
| 15:33 | Create | Archer |
| 15:44 | Create | Villager (Male) |
| 16:02 | Build | Farm |
| 16:05 | Build | Farm |
| 16:06 | Create | Villager (Male) |
| 16:28 | Build | Farm |
| 16:51 | Build | Farm |
| 16:53 | Create | Villager (Male) |
| 17:01 | Build | Farm |
| 17:02 | Build | Farm |
| 17:15 | Create | Villager (Male) |
| 17:26 | Build | Stable |
| 17:35 | Create | Villager (Male) |
| 17:44 | Build | Farm |
| 17:46 | Build | Farm |
| 17:49 | Build | Farm |
| 18:05 | Create | Villager (Male) |
| 18:15 | Build | Market |
| 18:22 | Create | Villager (Male) |
| 18:37 | Build | House |
| 18:55 | Research | Loom |
| 19:00 | Research | Castle Age |
| 19:06 | Build | House |
| 19:12 | Build | Stable |
| 19:47 | Create | Villager (Male) |
| 19:55 | Research | Scale Barding Armor |
| 20:01 | Create | Spearman |
| 20:13 | Create | Archer |
| 20:14 | Create | Archer |
| 20:18 | Research | Fletching |
| 20:33 | Build | Stable |
| 20:47 | Create | Villager (Male) |
| 20:47 | Create | Villager (Male) |
| 21:37 | Build | Stable |
| 21:40 | Age | Castle Age |
| 21:43 | Research | Chain Barding Armor |
| 21:46 | Create | Knight |
| 21:47 | Create | Knight |
| 21:56 | Build | Castle |
| 21:58 | Build | Mining Camp |
| 22:00 | Create | Villager (Male) |
| 22:27 | Build | Town Center |
| 22:47 | Create | Knight |
| 22:47 | Create | Knight |
| 22:47 | Create | Knight |
| 23:01 | Create | Villager (Male) |
| 23:04 | Research | Loom |
| 23:16 | Build | House |
| 23:24 | Create | Villager (Male) |
| 23:30 | Create | Villager (Male) |
| 23:30 | Create | Villager (Male) |
| 23:54 | Create | Villager (Male) |
| 24:20 | Build | Siege Workshop |
| 24:25 | Create | Villager (Male) |
| 24:25 | Create | Villager (Male) |
| 24:31 | Create | Villager (Male) |
| 24:45 | Build | Farm |
| 24:46 | Build | Farm |
| 24:52 | Build | Town Center |
| 25:08 | Create | Villager (Male) |
| 25:08 | Create | Villager (Male) |
| 25:09 | Create | Villager (Male) |
| 25:11 | Research | Wheelbarrow |
| 25:11 | Research | Town Watch |
| 25:15 | Create | Battering Ram |
| 25:28 | Research | Bloodlines |
| 25:29 | Create | Knight |
| 25:31 | Research | Forging |
| 25:40 | Create | Villager (Male) |
| 25:46 | Build | Farm |
| 25:54 | Create | Villager (Male) |
| 25:58 | Create | Villager (Male) |
| 26:17 | Create | Battering Ram |
| 26:34 | Create | Petard |
| 26:34 | Create | Petard |
| 26:42 | Create | Knight |
| 26:43 | Create | Knight |
| 26:44 | Create | Knight |
| 26:48 | Create | Villager (Male) |
| 26:54 | Create | Villager (Male) |
| 26:54 | Create | Villager (Male) |
| 27:09 | Create | Villager (Male) |
| 27:12 | Create | Villager (Male) |
| 27:28 | Build | Farm |
Build order — HEOI
First 150 of 862 actions detected
| 0:01 | Create | Villager (Male) |
| 0:02 | Create | Villager (Male) |
| 0:04 | Build | House |
| 0:06 | Build | House |
| 0:18 | Create | Villager (Male) |
| 0:18 | Create | Villager (Male) |
| 0:19 | Create | Villager (Male) |
| 0:19 | Create | Villager (Male) |
| 1:29 | Create | Villager (Male) |
| 1:29 | Create | Villager (Male) |
| 2:02 | Create | Villager (Male) |
| 2:03 | Create | Villager (Male) |
| 2:18 | Create | Villager (Male) |
| 2:19 | Create | Villager (Male) |
| 2:39 | Build | Lumber Camp |
| 2:52 | Create | Villager (Male) |
| 2:52 | Create | Villager (Male) |
| 2:53 | Create | Villager (Male) |
| 3:02 | Build | House |
| 3:04 | Build | House |
| 3:08 | Create | Villager (Male) |
| 3:08 | Create | Villager (Male) |
| 3:48 | Create | Villager (Male) |
| 3:48 | Create | Villager (Male) |
| 4:04 | Build | House |
| 4:13 | Create | Villager (Male) |
| 4:13 | Create | Villager (Male) |
| 4:30 | Create | Villager (Male) |
| 4:30 | Create | Villager (Male) |
| 4:31 | Create | Villager (Male) |
| 5:01 | Create | Villager (Male) |
| 5:01 | Create | Villager (Male) |
| 5:01 | Create | Villager (Male) |
| 5:06 | Build | Mill |
| 5:21 | Create | Villager (Male) |
| 5:21 | Create | Villager (Male) |
| 5:21 | Create | Villager (Male) |
| 5:44 | Create | Villager (Male) |
| 5:44 | Create | Villager (Male) |
| 6:02 | Create | Villager (Male) |
| 6:02 | Create | Villager (Male) |
| 6:31 | Create | Villager (Male) |
| 6:31 | Create | Villager (Male) |
| 6:31 | Create | Villager (Male) |
| 7:15 | Create | Villager (Male) |
| 7:15 | Create | Villager (Male) |
| 7:15 | Create | Villager (Male) |
| 7:15 | Create | Villager (Male) |
| 7:16 | Create | Villager (Male) |
| 7:16 | Create | Villager (Male) |
| 7:55 | Build | Mining Camp |
| 9:13 | Create | Villager (Male) |
| 9:23 | Research | Feudal Age |
| 9:23 | Research | Feudal Age |
| 10:11 | Build | House |
| 10:14 | Build | Barracks |
| 10:43 | Build | Farm |
| 10:46 | Build | Farm |
| 10:48 | Build | Farm |
| 11:11 | Create | Villager (Male) |
| 11:11 | Create | Villager (Male) |
| 11:48 | Age | Feudal Age |
| 11:57 | Build | Stable |
| 12:07 | Build | Blacksmith |
| 12:25 | Build | Farm |
| 12:28 | Research | Loom |
| 12:28 | Research | Loom |
| 12:45 | Build | Farm |
| 12:57 | Research | Castle Age |
| 13:11 | Build | Farm |
| 13:38 | Research | Double-Bit Axe |
| 13:39 | Research | Double-Bit Axe |
| 13:39 | Research | Double-Bit Axe |
| 13:59 | Create | Villager (Male) |
| 14:20 | Build | Farm |
| 14:21 | Build | Farm |
| 14:26 | Research | Horse Collar |
| 15:14 | Create | Scout Cavalry |
| 15:15 | Create | Scout Cavalry |
| 15:43 | Age | Castle Age |
| 15:50 | Build | Monastery |
| 15:55 | Create | Villager (Male) |
| 16:01 | Build | Town Center |
| 16:20 | Create | Villager (Male) |
| 16:27 | Build | House |
| 16:29 | Create | Monk |
| 16:29 | Create | Monk |
| 16:51 | Create | Villager (Male) |
| 17:00 | Build | House |
| 17:01 | Build | House |
| 17:06 | Build | Town Center |
| 17:12 | Create | Monk |
| 17:21 | Create | Villager (Male) |
| 17:37 | Create | Villager (Male) |
| 17:57 | Build | House |
| 17:57 | Build | House |
| 17:58 | Build | House |
| 18:00 | Create | Villager (Male) |
| 18:00 | Create | Villager (Male) |
| 18:07 | Create | Villager (Male) |
| 18:07 | Create | Villager (Male) |
| 18:10 | Build | Farm |
| 18:11 | Build | Farm |
| 18:12 | Build | Farm |
| 18:38 | Create | Villager (Male) |
| 18:40 | Build | Farm |
| 18:41 | Build | Farm |
| 18:42 | Build | Farm |
| 18:43 | Build | Farm |
| 18:48 | Create | Villager (Male) |
| 19:09 | Create | Villager (Male) |
| 19:11 | Create | Villager (Male) |
| 19:14 | Build | Farm |
| 19:16 | Build | Farm |
| 19:17 | Build | Farm |
| 19:21 | Create | Villager (Male) |
| 19:34 | Create | Villager (Male) |
| 19:41 | Create | Villager (Male) |
| 19:44 | Build | Lumber Camp |
| 20:03 | Create | Villager (Male) |
| 20:07 | Create | Villager (Male) |
| 20:10 | Build | Farm |
| 20:14 | Build | Farm |
| 20:15 | Build | Farm |
| 20:25 | Create | Villager (Male) |
| 20:38 | Create | Villager (Male) |
| 20:41 | Build | Farm |
| 20:44 | Build | Farm |
| 20:51 | Create | Villager (Male) |
| 20:53 | Create | Villager (Male) |
| 20:57 | Build | Farm |
| 21:00 | Create | Villager (Male) |
| 21:06 | Create | Villager (Male) |
| 21:14 | Create | Villager (Male) |
| 21:25 | Create | Villager (Male) |
| 21:28 | Create | Villager (Male) |
| 21:28 | Create | Villager (Male) |
| 21:32 | Build | Farm |
| 21:33 | Build | Farm |
| 21:34 | Build | Farm |
| 21:38 | Create | Villager (Male) |
| 21:40 | Create | Villager (Male) |
| 21:42 | Build | Farm |
| 21:42 | Build | Farm |
| 21:58 | Create | Villager (Male) |
| 21:59 | Create | Villager (Male) |
| 22:07 | Research | Bow Saw |
| 22:08 | Research | Bow Saw |
| 22:08 | Research | Bow Saw |
| 22:22 | Create | Villager (Male) |
Match timeline
| 9:44 | ThisIsKronos · age_up feudal |
| 10:14 | HEOI · first_building Barracks |
| 10:52 | dsoliver Lmanq · age_up feudal |
| 10:57 | Tsla · age_up feudal |
| 11:41 | WereMonster · age_up feudal |
| 11:48 | Cheo · age_up feudal |
| 11:48 | HEOI · age_up feudal |
| 11:57 | HEOI · first_building Stable |
| 12:09 | WereMonster · first_building Barracks |
| 13:04 | ThisIsKronos · first_market_sell 100 stone |
| 13:08 | ThisIsKronos · first_market_buy 100 food |
| 13:15 | WereMonster · first_building Archery Range |
| 13:38 | dsoliver Lmanq · first_building Barracks |
| 15:08 | Tsla · first_market_buy 100 wood |
| 15:21 | Tsla · age_up castle |
| 15:43 | HEOI · age_up castle |
| 15:44 | dsoliver Lmanq · age_up castle |
| 15:45 | dsoliver Lmanq · first_market_sell 100 food |
| 15:47 | dsoliver Lmanq · first_market_buy 100 stone |
| 15:50 | HEOI · first_building Monastery |
| 15:52 | dsoliver Lmanq · first_building Castle |
| 16:03 | ThisIsKronos · age_up castle |
| 16:08 | ThisIsKronos · first_building Siege Workshop |
| 16:31 | ThisIsKronos · first_building Barracks |
| 17:26 | WereMonster · first_building Stable |
| 18:41 | Tsla · first_building Castle |
| 18:51 | Tsla · first_building Barracks |
| 19:00 | ThisIsKronos · wall_segment Palisade Wall x1 |
| 19:14 | ThisIsKronos · wall_segment Palisade Wall x1 |
| 20:03 | ThisIsKronos · wall_segment Stone Wall x1 |
| 20:07 | Cheo · age_up castle |
| 21:40 | WereMonster · age_up castle |
| 21:56 | WereMonster · first_building Castle |
| 24:16 | HEOI · first_market_buy 100 food |
| 24:20 | WereMonster · first_building Siege Workshop |
| 24:33 | ThisIsKronos · wall_segment Stone Wall x1 |
| 26:15 | WereMonster · first_market_buy 100 food |
| 26:32 | Cheo · first_building Barracks |
| 26:40 | Tsla · first_market_sell 100 wood |
| 27:21 | HEOI · first_building Archery Range |
| 28:11 | Cheo · first_building Monastery |
| 28:19 | Tsla · first_building Siege Workshop |
| 28:26 | HEOI · age_up imperial |
| 28:41 | HEOI · first_building Castle |
| 29:57 | Cheo · first_building Castle |
| 31:06 | ThisIsKronos · first_building Monastery |
| 31:13 | Tsla · age_up imperial |
| 31:19 | ThisIsKronos · wall_segment Stone Wall x5 |
| 32:36 | Cheo · age_up imperial |
| 32:38 | ThisIsKronos · first_building Archery Range |
| 34:00 | ThisIsKronos · first_building Castle |
| 34:41 | dsoliver Lmanq · age_up imperial |
| 35:03 | WereMonster · age_up imperial |
| 36:37 | HEOI · first_market_sell 100 wood |
| 36:55 | ThisIsKronos · age_up imperial |
| 36:55 | ThisIsKronos · wall_segment Palisade Wall x1 |
| 37:34 | WereMonster · first_market_sell 100 wood |
| 37:45 | Tsla · wall_segment Palisade Wall x1 |
| 37:47 | Tsla · wall_segment Palisade Wall x1 |
| 37:54 | WereMonster · first_building Monastery |
| 38:02 | ThisIsKronos · wall_segment Stone Wall x2 |
| 38:06 | ThisIsKronos · wall_segment Stone Wall x1 |
| 38:12 | ThisIsKronos · wall_segment Stone Wall x1 |
| 38:33 | ThisIsKronos · wall_segment Stone Wall x1 |
| 38:36 | ThisIsKronos · wall_segment Stone Wall x1 |
| 40:14 | dsoliver Lmanq · first_building Stable |
| 43:31 | dsoliver Lmanq · first_building Siege Workshop |
| 47:44 | dsoliver Lmanq · resign |
| 54:02 | ThisIsKronos · first_building Stable |
| 54:34 | HEOI · tribute_sent a jugador 1 |
| 54:34 | HEOI · tribute_sent a jugador 2 |
| 54:34 | HEOI · tribute_sent a jugador 3 |
| 54:34 | HEOI · tribute_sent a jugador 4 |
| 54:34 | HEOI · tribute_sent a jugador 5 |
| 57:14 | HEOI · first_building Siege Workshop |
| 57:48 | Tsla · wall_segment Stone Wall x6 |
[ AI ANALYSIS · 1 CREDIT ]
What really happened in this match?
Wolo.gg analyzes every decision: build order, eco, micro, common mistakes by bracket. Personalized analysis on WhatsApp or Discord in 30 seconds.
Civ guide
Shu
Perfil
Jugador #14984921